MLB
ATLANTA BRAVES @ WASHINGTON NATIONALS
09/07/2045
 
TOP OF THE 1ST
Atlanta Braves batting - Pitching for Washington Nationals : RHP Manuel Romero
Pitching: RHP Manuel Romero
Batting: RHB Jeckel Hester 0-0: Swinging Strike
0-1: Ball
1-1: Called Strike
1-2: Strikes out swinging
Batting: RHB Jordan Martin 0-0: Called Strike
0-1: Ball
1-1: Ball
2-1: Foul Ball, location: 2F
2-2: Foul Ball, location: 2F
2-2: SINGLE (Groundball, 56S, EV 71.2 MPH) (infield hit)
Batting: RHB Butch Kaiser 0-0: Ball
Jordan Martin steals 2nd base
1-0: Ball
2-0: Called Strike
2-1: Called Strike
2-2: Foul Ball, location: 2F
2-2: Fly out, F9 (Flyball, 9S, EV 75.0 MPH)
Batting: LHB Chad Persaud 0-0: Ball
1-0: Swinging Strike
1-1: Called Strike
1-2: Ball
2-2: Ball
3-2: Fly out, F8 (Flyball, 8RM, EV 91.9 MPH)
Top of the 1st over - 0 runs, 1 hit, 0 errors, 1 left on base; Atlanta 0 - Washington 0
BOTTOM OF THE 1ST
Washington Nationals batting - Pitching for Atlanta Braves : RHP Justin Judson
Pitching: RHP Justin Judson
Batting: LHB R.J. O'Brien 0-0: Called Strike
0-1: Ball
1-1: SINGLE (Line Drive, 7S, EV 96.2 MPH)
Batting: RHB C.J. Beavers 0-0: Ball
1-0: Swinging Strike
1-1: Foul Ball, location: 2F
1-2: Ball
2-2: SINGLE (Line Drive, 34D, EV 100.6 MPH)
R.J. O'Brien to second
Batting: SHB Junzo Kato 0-0: Foul Ball, location: 2F
0-1: Grounds into double play, 4-6-3 (Groundball, 4S, EV 86.2 MPH)
R.J. O'Brien to third
Batting: LHB Seth Cook 0-0: Called Strike
0-1: Ball
1-1: Swinging Strike
1-2: Ball
Wild Pitch!
R.J. O'Brien scores
2-2: Foul Ball, location: 2F
2-2: Fly out, F6 (Popup, 6M, EV 60.6 MPH)
Bottom of the 1st over - 1 run, 2 hits, 0 errors, 0 left on base; Atlanta 0 - Washington 1
TOP OF THE 2ND
Atlanta Braves batting - Pitching for Washington Nationals : RHP Manuel Romero
Batting: LHB Davey Schonewille 0-0: Called Strike
0-1: DOUBLE (Line Drive, 7LM, EV 87.5 MPH)
Batting: SHB Brian Bagley 0-0: Ground out 3-1 (Groundball, 34S, EV 68.1 MPH)
Davey Schonewille to third
Batting: RHB Liangde Li 0-0: Called Strike
0-1: Foul Ball, location: 2F
0-2: Ball
1-2: Ball
2-2: Strikes out swinging
Batting: RHB Tade Post 0-0: Foul Ball, location: 2F
0-1: Called Strike
0-2: Ball
1-2: Ball
2-2: Ball
3-2: Base on Balls
Batting: RHB Alex Munoz 0-0: Ball
1-0: Fielders Choice at 2nd, 6-4 (Groundball, 6, EV 93.8 MPH)
Top of the 2nd over - 0 runs, 1 hit, 0 errors, 2 left on base; Atlanta 0 - Washington 1
BOTTOM OF THE 2ND
Washington Nationals batting - Pitching for Atlanta Braves : RHP Justin Judson
Batting: RHB Luis Torres 0-0: SINGLE (Groundball, 4S, EV 64.4 MPH) (infield hit)
Batting: LHB Armando Carbajal 0-0: Foul Ball, location: 2F
0-1: Ball
1-1: Grounds into double play, 4-6-3 (Groundball, 34, EV 99.4 MPH)
Batting: RHB John Sanders 0-0: Ball
1-0: Ball
2-0: Swinging Strike
2-1: Fly out, F8 (Flyball, 8RD, EV 91.2 MPH)
Bottom of the 2nd over - 0 runs, 1 hit, 0 errors, 0 left on base; Atlanta 0 - Washington 1
TOP OF THE 3RD
Atlanta Braves batting - Pitching for Washington Nationals : RHP Manuel Romero
Batting: RHB Jeckel Hester 0-0: Called Strike
0-1: Foul Ball, location: 2F
0-2: Ball
1-2: Ball
2-2: Fly out, F7 (Line Drive, 7D, EV 105.6 MPH)
Batting: RHB Jordan Martin 0-0: Ground out 6-3 (Groundball, 6M, EV 77.5 MPH)
Batting: RHB Butch Kaiser 0-0: Foul Ball, location: 2F
0-1: Foul Ball, location: 2F
0-2: Fly out, F8 (Flyball, 8RM, EV 90.6 MPH)
Top of the 3rd over - 0 runs, 0 hits, 0 errors, 0 left on base; Atlanta 0 - Washington 1
BOTTOM OF THE 3RD
Washington Nationals batting - Pitching for Atlanta Braves : RHP Justin Judson
Batting: LHB Sidney Pedder 0-0: Called Strike
0-1: Swinging Strike
0-2: Ball
1-2: Ball
2-2: Ground out 4-3 (Groundball, 4M, EV 83.1 MPH)
Batting: RHB Luis Ramos 0-0: Ball
1-0: Ground out 5-3 (Groundball, 56S, EV 69.4 MPH)
Batting: LHB R.J. O'Brien 0-0: Ball
1-0: Foul Ball, location: 2F
1-1: Foul Ball, location: 2F
1-2: Foul Ball, location: 2F
1-2: Ball
2-2: Ball
3-2: Ground out 5-3 (Groundball, 56, EV 82.5 MPH)
Bottom of the 3rd over - 0 runs, 0 hits, 0 errors, 0 left on base; Atlanta 0 - Washington 1
TOP OF THE 4TH
Atlanta Braves batting - Pitching for Washington Nationals : RHP Manuel Romero
Batting: LHB Chad Persaud 0-0: Ball
1-0: Ball
2-0: Ground out U3 (Groundball, 3, EV 88.8 MPH)
Batting: LHB Davey Schonewille 0-0: Ball
1-0: Called Strike
1-1: Swinging Strike
1-2: Strikes out swinging
Batting: SHB Brian Bagley 0-0: Ball
1-0: Fly out, F7 (Flyball, 7LM, EV 90.0 MPH)
Top of the 4th over - 0 runs, 0 hits, 0 errors, 0 left on base; Atlanta 0 - Washington 1
BOTTOM OF THE 4TH
Washington Nationals batting - Pitching for Atlanta Braves : RHP Justin Judson
Batting: RHB C.J. Beavers 0-0: Called Strike
0-1: Ball
1-1: Ball
2-1: Ball
3-1: Swinging Strike
3-2: Base on Balls
Batting: SHB Junzo Kato 0-0: Ball
1-0: Called Strike
1-1: Ball
2-1: Ball
3-1: Called Strike
3-2: Fly out, F7 (Flyball, 7D, EV 101.9 MPH)
Batting: LHB Seth Cook 0-0: Ball
1-0: Called Strike
1-1: Ball
2-1: Ball
3-1: Base on Balls
C.J. Beavers to second
Batting: RHB Luis Torres 0-0: Ball
1-0: Ball
2-0: Called Strike
2-1: Swinging Strike
2-2: Ball
3-2: Foul Ball, location: 2F
3-2: SINGLE (Groundball, 6, EV 108.1 MPH)
C.J. Beavers to third
Seth Cook to second
Runner from 3rd tries for Home, SAFE, throw by CF to home
Batting: LHB Armando Carbajal 0-0: Foul Ball, location: 2F
0-1: Ball
1-1: SINGLE (Line Drive, 56D, EV 94.4 MPH)
Seth Cook to third
Luis Torres to second
Batting: RHB John Sanders 0-0: Ball
1-0: SINGLE (Line Drive, 9S, EV 106.9 MPH)
Seth Cook scores
Luis Torres to third
Armando Carbajal to second
Runner from 3rd tries for Home, SAFE, throw by RF to home
Armando Carbajal to third
John Sanders to second
Batting: LHB Sidney Pedder 0-0: Fly out, F8 (Flyball, 8RM, EV 98.1 MPH)
Runner from 3rd tags up, SCORES, throw by CF
Pitching: RHP David Krampe
Batting: RHB Luis Ramos 0-0: Ball
1-0: Fly out, F7 (Flyball, 7LM, EV 108.8 MPH)
Bottom of the 4th over - 4 runs, 3 hits, 0 errors, 1 left on base; Atlanta 0 - Washington 5
TOP OF THE 5TH
Atlanta Braves batting - Pitching for Washington Nationals : RHP Manuel Romero
Batting: RHB Liangde Li 0-0: Called Strike
0-1: Ground out 6-3 (Groundball, 56, EV 105.0 MPH)
Batting: RHB Tade Post 0-0: Called Strike
0-1: Ball
1-1: Called Strike
1-2: Ground out 5-3 (Groundball, 56, EV 97.5 MPH)
Batting: RHB Alex Munoz 0-0: Ball
1-0: Ball
2-0: Ball
3-0: Called Strike
3-1: Base on Balls
Batting: RHB Jeckel Hester 0-0: Swinging Strike
0-1: Ball
1-1: Swinging Strike
1-2: Foul Ball, location: 2F
1-2: Ball
2-2: Strikes out swinging
Top of the 5th over - 0 runs, 0 hits, 0 errors, 1 left on base; Atlanta 0 - Washington 5
BOTTOM OF THE 5TH
Washington Nationals batting - Pitching for Atlanta Braves : RHP David Krampe
Batting: LHB R.J. O'Brien 0-0: Foul Ball, location: 2F
0-1: Ball
1-1: Ball
2-1: SOLO HOME RUN (Flyball, 9D, EV 98.8 MPH), Distance : 380 ft
Batting: RHB C.J. Beavers 0-0: Called Strike
0-1: Ball
1-1: Called Strike
1-2: DOUBLE (Line Drive, 5D, EV 102.5 MPH)
Batting: SHB Junzo Kato 0-0: Called Strike
0-1: Ball
1-1: Foul Ball, location: 2F
1-2: Ground out 4-3 (Groundball, 34, EV 85.0 MPH)
C.J. Beavers to third
Batting: LHB Seth Cook 0-0: Ball
1-0: Foul Ball, location: 2F
1-1: Swinging Strike
1-2: Ball
2-2: Ball
3-2: Foul Ball, location: 2F
3-2: Strikes out swinging
Batting: RHB Luis Torres 0-0: Called Strike
0-1: Ground out 2-3 (Groundball, 2L, EV 67.5 MPH)
Bottom of the 5th over - 1 run, 2 hits, 0 errors, 1 left on base; Atlanta 0 - Washington 6
TOP OF THE 6TH
Atlanta Braves batting - Pitching for Washington Nationals : RHP Manuel Romero
Batting: RHB Jordan Martin 0-0: Fly out, F9 (Flyball, 9, EV 83.8 MPH)
Batting: RHB Butch Kaiser 0-0: Called Strike
0-1: Ball
1-1: Ball
2-1: Ball
3-1: Foul Ball, location: 2F
3-2: Fly out, F9 (Flyball, 89M, EV 90.0 MPH)
Batting: LHB Chad Persaud 0-0: Ball
1-0: SINGLE (Line Drive, 7S, EV 102.5 MPH)
Batting: LHB Davey Schonewille 0-0: Swinging Strike
0-1: Ball
1-1: Called Strike
1-2: Fly out, F8 (Flyball, 89M, EV 95.6 MPH)
Top of the 6th over - 0 runs, 1 hit, 0 errors, 1 left on base; Atlanta 0 - Washington 6
BOTTOM OF THE 6TH
Washington Nationals batting - Pitching for Atlanta Braves : RHP David Krampe
Batting: LHB Armando Carbajal 0-0: Foul Ball, location: 2F
0-1: Ball
1-1: Ball
2-1: Swinging Strike
2-2: Ball
3-2: Base on Balls
Batting: RHB John Sanders 0-0: Ball
1-0: Ball
2-0: Ball
Wild Pitch!
Armando Carbajal to second
3-0: Fly out, F8 (Flyball, 8RM, EV 96.2 MPH)
Batting: LHB Sidney Pedder 0-0: Called Strike
0-1: Ball
1-1: Ball
Wild Pitch!
Armando Carbajal to third
2-1: Ball
3-1: Base on Balls
Batting: RHB Luis Ramos 0-0: Called Strike
0-1: SINGLE (Flyball, 6D, EV 96.2 MPH)
Armando Carbajal scores
Sidney Pedder to second
Batting: LHB R.J. O'Brien 0-0: Swinging Strike
0-1: Called Strike
0-2: Foul Ball, location: 2F
0-2: Ball
1-2: Ball
2-2: Ball
3-2: SINGLE (Groundball, 25, EV 63.8 MPH) (infield hit)
Sidney Pedder to third
Luis Ramos to second
Pitching: RHP John Carbonneau
Batting: RHB C.J. Beavers 0-0: Ball
1-0: Called Strike
1-1: Swinging Strike
1-2: Strikes out swinging
Batting: SHB Junzo Kato 0-0: Ball
1-0: Called Strike
1-1: Ball
2-1: Ball
3-1: Called Strike
3-2: SINGLE (Line Drive, 8RS, EV 97.5 MPH)
Sidney Pedder scores
Luis Ramos to third
R.J. O'Brien to second
Luis Ramos scores
R.J. O'Brien to third
Batting: LHB Seth Cook 0-0: Ball
1-0: Fly out, F5 (Line Drive, 5, EV 69.4 MPH)
Bottom of the 6th over - 3 runs, 3 hits, 0 errors, 2 left on base; Atlanta 0 - Washington 9
TOP OF THE 7TH
Atlanta Braves batting - Pitching for Washington Nationals : RHP Manuel Romero
Batting: SHB Brian Bagley 0-0: Hit by Pitch
Batting: RHB Liangde Li 0-0: Called Strike
0-1: Called Strike
0-2: Ball
1-2: Foul Ball, location: 2F
1-2: Foul Ball, location: 2F
1-2: Strikes out swinging
Batting: RHB Tade Post 0-0: Ball
1-0: Called Strike
1-1: Grounds into double play, 5-4-3 (Groundball, 56, EV 90.6 MPH)
Top of the 7th over - 0 runs, 0 hits, 0 errors, 0 left on base; Atlanta 0 - Washington 9
BOTTOM OF THE 7TH
Washington Nationals batting - Pitching for Atlanta Braves : RHP John Carbonneau
Batting: RHB Luis Torres 0-0: SOLO HOME RUN (Flyball, 78XD, EV 102.5 MPH), Distance : 418 ft
Batting: LHB Armando Carbajal 0-0: Ball
1-0: Foul Ball, location: 2F
1-1: Ball
2-1: Fly out, F7 (Flyball, 7LS, EV 90.0 MPH)
Batting: RHB John Sanders 0-0: Ball
1-0: Ground out U3 (Groundball, 34, EV 105.6 MPH)
Batting: LHB Sidney Pedder 0-0: Ball
1-0: Ball
2-0: Called Strike
2-1: Ball
3-1: Base on Balls
Batting: RHB Luis Ramos 0-0: Foul Ball, location: 2F
0-1: Ball
1-1: Ball
2-1: Swinging Strike
2-2: Fly out, F9 (Flyball, 89D, EV 86.2 MPH)
Bottom of the 7th over - 1 run, 1 hit, 0 errors, 1 left on base; Atlanta 0 - Washington 10
TOP OF THE 8TH
Atlanta Braves batting - Pitching for Washington Nationals : RHP Manuel Romero
Batting: RHB Alex Munoz 0-0: SINGLE (Groundball, 34D, EV 100.0 MPH)
Pinch Hitting: RHB Itsuo Egami 0-0: Called Strike
0-1: Grounds into double play, 6-4-3 (Groundball, 6M, EV 83.8 MPH)
Batting: RHB Jordan Martin 0-0: Ball
1-0: Ball
2-0: Called Strike
2-1: SINGLE (Popup, 6D, EV 54.4 MPH)
Batting: RHB Butch Kaiser 0-0: Called Strike
0-1: Fly out, F9 (Flyball, 89D, EV 96.9 MPH)
Top of the 8th over - 0 runs, 2 hits, 0 errors, 1 left on base; Atlanta 0 - Washington 10
BOTTOM OF THE 8TH
Washington Nationals batting - Pitching for Atlanta Braves : RHP John Carbonneau
Now at 3B: Itsuo Egami
Batting: LHB R.J. O'Brien 0-0: Ball
1-0: Fly out, F5 (Popup, 56S, EV 81.9 MPH)
Batting: RHB C.J. Beavers 0-0: Swinging Strike
0-1: Ball
1-1: Ball
2-1: Foul Ball, location: 2F
2-2: Ground out 5-3 (Groundball, 56, EV 78.1 MPH)
Pinch Hitting: RHB Masashi Yukizawa 0-0: Ball
1-0: Ball
2-0: Ball
3-0: Called Strike
3-1: SINGLE (Groundball, 56D, EV 105.0 MPH)
Batting: LHB Seth Cook 0-0: Ball
1-0: Called Strike
1-1: Foul Ball, location: 2F
1-2: Ball
2-2: Fly out, F8 (Flyball, 8RS, EV 91.9 MPH)
Bottom of the 8th over - 0 runs, 1 hit, 0 errors, 1 left on base; Atlanta 0 - Washington 10
TOP OF THE 9TH
Atlanta Braves batting - Pitching for Washington Nationals : RHP Manuel Romero
Now at 3B: Masashi Yukizawa
Batting: LHB Chad Persaud 0-0: Ball
1-0: Fly out, F9 (Flyball, 9LS, EV 84.4 MPH)
Batting: LHB Davey Schonewille 0-0: Called Strike
0-1: Ball
1-1: Called Strike
1-2: Strikes out swinging
Batting: SHB Brian Bagley 0-0: Called Strike
0-1: Foul Ball, location: 2F
0-2: Ball
1-2: Foul Ball, location: 2F
1-2: Ball
2-2: Foul Ball, location: 2F
2-2: Ground out U3 (Groundball, 3L, EV 100.0 MPH)
Top of the 9th over - 0 runs, 0 hits, 0 errors, 0 left on base; Atlanta 0 - Washington 10
Wednesday, June 22nd , 2022 - OOTP Baseball 23.4 Build 64